AoeStats
← andonihc9

Arena

509142813Analyzed
1v1 RM · 6d ago on Sep 25, 2026· 17m 50s· 2 players
Game mode
Random Map
Map size
Tiny (2 player)
Population
200
Speed
Normal
Resources
Standard
Victory
Conquest
Starting age
Dark Age
Ending age
Imperial Age
RankedLock teamsTeams togetherTeam positionsShared explorationLock speedFull tech treeHidden civsTurbo modeCheats
Victory
Defeat
🇨🇴 Bohemians · Colombia
926
+15
🇲🇽 Byzantines · Mexico
896
-42
andonihc9
1:13 Loom
11:48 Feudal Age
14:50 Double-Bit Axe
15:28 Horse Collar
19:47 Castle Age
johaquinteroher
2:59 Loom
5:31 Loom
10:46 Feudal Age
15:57 Castle Age
14:41 Double-Bit Axe
17:33 Bow Saw
Connection lost

Rejoining the realm…

Still unreachable

The connection could not be restored.

Session expired

The server has moved on; the page needs a fresh start.